AoeStats
← yunusmujde

Arabia

509972962Analyzed
3v3 RM · 3d ago on Sep 28, 2026· 52m 30s· 6 players
Game mode
Random Map
Map size
Normal (6 player)
Population
200
Speed
Normal
Resources
Standard
Victory
Conquest
Starting age
Dark Age
Ending age
Imperial Age
RankedLock teamsTeams togetherTeam positionsShared explorationLock speedFull tech treeHidden civsTurbo modeCheats
Victory
Defeat
🇨🇱 Vietnamese · Chile
913
+13
🇨🇱 Varangians · Chile
840
+16
🇹🇷 Goths · Türkiye
808
+18
🇨🇿 Burgundians · Czechia
893
-17
🇨🇿 Goths · Czechia
854
-16
🇨🇿 Persians · Czechia
807
-14
supermaso8970
7:24 Loom
9:50 Feudal Age
10:34 Horse Collar
13:24 Double-Bit Axe
19:42 Castle Age
20:06 Pikeman
23:17 Heavy Plow
23:31 Bow Saw
29:53 Forging
31:44 Scale Mail Armor
33:17 Iron Casting
32:57 Chain Mail Armor
35:48 Chain Mail Armor
35:23 Man-at-Arms
36:23 Long Swordsman
37:12 Squires
39:01 Gold Mining
39:02 Stone Mining
39:51 Wheelbarrow
42:57 Imperial Age
43:08 Elite Huskarl
44:28 Two-Handed Swordsman
49:03 Blast Furnace
48:27 Champion
Kevin Flynn
12:26 Feudal Age
16:33 Loom
17:42 Padded Archer Armor
17:59 Fletching
19:02 Scale Mail Armor
21:55 Scale Barding Armor
22:37 Gold Mining
22:37 Stone Mining
22:21 Man-at-Arms
23:00 Double-Bit Axe
31:37 Castle Age
31:30 Elite Skirmisher
35:38 Bow Saw
35:26 Stone Mining
36:41 Crossbowman
38:43 Pikeman
Darline
12:49 Feudal Age
11:29 Loom
11:40 Double-Bit Axe
11:40 Horse Collar
18:06 Castle Age
17:34 Bow Saw
17:27 Heavy Plow
18:23 Forging
18:49 Cavalier
21:16 Scale Barding Armor
22:01 Husbandry
25:31 Wheelbarrow
24:43 Town Watch
26:08 Two-Man Saw
26:19 Iron Casting
27:12 Chain Barding Armor
27:13 Fletching
27:23 Padded Archer Armor
27:58 Gold Mining
28:48 Elite Skirmisher
31:31 Gold Shaft Mining
30:47 Stone Mining
32:53 Crop Rotation
34:53 Hand Cart
35:26 Stone Shaft Mining
35:28 Sanctity
39:45 Imperial Age
38:17 Treadmill Crane
38:50 Masonry
38:38 Murder Holes
38:57 Squires
38:42 Arson
40:57 Paladin
41:47 Pikeman
44:43 Blast Furnace
44:19 Plate Barding Armor
43:40 Bodkin Arrow
44:00 Leather Archer Armor
48:43 Capped Ram
49:25 Halberdier
yunusmujde
7:30 Loom
11:56 Feudal Age
13:27 Wheelbarrow
12:38 Double-Bit Axe
12:44 Gold Mining
12:37 Horse Collar
19:07 Castle Age
20:03 Hand Cart
19:59 Bow Saw
19:51 Heavy Plow
21:06 Stone Mining
34:03 Imperial Age
33:49 Anarchy
34:03 Forging
33:53 Scale Mail Armor
36:10 Conscription
35:12 Pikeman
36:14 Scale Mail Armor
36:50 Iron Casting
36:18 Squires
35:42 Halberdier
36:30 Squires
38:37 Perfusion
43:35 Crop Rotation
44:52 Elite Huskarl
46:36 Blast Furnace
47:39 Chain Mail Armor
TitoHermoso
8:10 Loom
10:36 Feudal Age
11:09 Double-Bit Axe
11:06 Horse Collar
14:54 Gold Mining
20:31 Castle Age
21:46 Fletching
21:29 Crossbowman
22:51 Wheelbarrow
23:22 Bow Saw
23:48 Heavy Plow
27:11 Thumb Ring
27:07 Bodkin Arrow
29:14 Padded Archer Armor
30:24 Hand Cart
35:08 Imperial Age
33:25 Ballistics
34:44 Pikeman
35:49 Bracer
37:19 Elite Battle Elephant
38:06 Scale Barding Armor
39:10 Forging
38:34 Arbalester
40:56 Husbandry
43:55 Bloodlines
49:54 Chemistry
48:51 Murder Holes
49:35 Hoardings
49:02 Chatras
50:03 Crop Rotation
Shantzung
9:59 Feudal Age
10:30 Double-Bit Axe
10:28 Horse Collar
17:00 Bloodlines
17:57 Scale Barding Armor
23:07 Forging
22:57 Scale Mail Armor
22:52 Loom
27:58 Castle Age
28:19 Gold Mining
28:19 Stone Mining
29:03 Light Cavalry
29:16 Pikeman
31:19 Wheelbarrow
31:47 Padded Archer Armor
33:36 Hand Cart
34:26 Stone Shaft Mining
34:17 Bow Saw
34:21 Heavy Plow
36:05 Iron Casting
45:03 Imperial Age
43:19 Chain Mail Armor
42:56 Fletching
43:21 Leather Archer Armor
43:41 Squires
43:44 Vendel Legacy
45:05 Fortified Wall
45:17 Ballistics
45:20 Halberdier
46:39 Plate Mail Armor
46:41 Masonry
46:14 Treadmill Crane
46:34 Bodkin Arrow
48:35 Elite Varangian Guard
48:41 Cranequins
48:43 Elite Skirmisher
50:37 Blast Furnace
51:36 Conscription
51:39 Capped Ram
Connection lost

Rejoining the realm…

Still unreachable

The connection could not be restored.

Session expired

The server has moved on; the page needs a fresh start.